 Dungeon Crawl Stone Soup version 0.20.0-15-g7f486f2 (webtiles) character file.

169 spacegravy the Ruffian (level 5, 49/49 HPs)
             Began as a Troll Transmuter on June 12, 2017.
             Quit the game on level 4 of the Dungeon.
             The game lasted 00:08:37 (2823 turns).

spacegravy the Ruffian (Troll Transmuter)           Turns: 2823, Time: 00:08:38

Health: 49/49      AC:  5    Str: 19    XL:     5   Next: 25%
Magic:  1/5        EV: 10    Int:  9    God:
Gold:   120        SH:  0    Dex: 10    Spells: 3/6 levels left

rFire    . . .     SeeInvis .     - Unarmed
rCold    . . .     Gourm    +   (no shield)
rNeg     . . .     Faith    .   b - +0 robe
rPois    .         Spirit   .   (helmet restricted)
rElec    .         Reflect  .   (no cloak)
rCorr    .         Harm     .   (gloves unavailable)
MR       .....                  (boots unavailable)
Stlth    ..........             (no amulet)
Regen    0.6/turn               i - ring of loudness (curse)
MPRegen  0.1/turn               (no ring)

@: appendage (expiring)
A: unfitting armour, claws 3, horns 2, fast metabolism 3, gourmand, regeneration
1, shaggy fur 1, tough skin 2
a: End Transformation


You were on level 4 of the Dungeon.
You were completely stuffed.
You had grown temporary horns.
You visited 1 branch of the dungeon, and saw 4 of its levels.

You collected 120 gold pieces.


Innate Abilities, Weirdness & Mutations

You are too large for most types of armour.
You have claws for hands.
Your metabolism is lightning-fast.
You like to eat raw meat.
Your natural rate of healing is unusually fast.
You are covered in fur. (AC +1)
You have very tough skin. (AC +2)
You have a pair of horns on your head.


   Skills:
 + Level 2.3 Fighting
 - Level 1.5 Dodging
 * Level 5.2 Unarmed Combat
 - Level 1.2 Spellcasting
 - Level 1.3 Transmutations


You had 3 spell levels left.
You knew the following spells:

 Your Spells              Type           Power        Failure   Level  Hunger
z - Beastly Appendage     Tmut           #.....       21%         1    ##.....
Z - Sticks to Snakes      Tmut           #.......     30%         2    ###....

Inventory:

Missiles
 a - 33 arrows
Armour
 b - a +0 robe (worn)
Jewellery
 i - a cursed ring of loudness (left claw)
Scrolls
 e - 5 scrolls of identify {unknown}
 f - a scroll of enchant weapon {unknown}
 g - 3 scrolls of magic mapping {unknown}
 k - 2 scrolls of enchant armour {unknown}
 l - 2 scrolls of blinking {unknown}
 m - a scroll of amnesia {unknown}
 o - a scroll of recharging {unknown}
Potions
 h - 2 potions of ambrosia {unknown}
Books
 c - a book of Changes

   Spells                             Type                      Level
   a - Beastly Appendage              Transmutation                1
   b - Sticks to Snakes               Transmutation                2
   c - Spider Form                    Transmutation/Poison         3
   d - Ice Form                       Ice/Transmutation            4
   e - Blade Hands                    Transmutation                5
Comestibles
 d - 3 bread rations
 j - 2 fruits
 n - 12 chunks of flesh

Dungeon Overview and Level Annotations

Branches:
Dungeon (4/15)
 Temple: D:4-7

Altars:

▒▒ . ▒▒< .▒.▒ .... .▒.▒
.▒.▒▒.... ▒▒▒....
........ ....▒.▒
.▒▒....▒ ▒▒.....o.
.▒▒.▒▒.. ▒........
.....▒.▒ ▒.▒......
...▒▒▒.▒ ▒▒▒▒......oB
▒▒.▒▒▒.▒▒▒▒ ▒...T.S†..▒
▒▒.▒...▒▒(▒▒▒.▒▒......(▒
.).....................▒
▒▒.▒▒▒.▒..▒▒▒.▒▒.......▒
▒▒▒▒ ▒.▒..▒ ▒....▒.▒.▒..
..▒▒▒.......▒▒▒▒........
....▒..▒..▒▒▒ ▒.▒.▒.▒.▒
<.........▒ ▒.......▒
▒▒▒...▒▒▒.▒ ▒


You could see a worker ant, an orc wizard, an orc and a friendly adder.


Message History

Found a rapier.
Items here: )))) [[[ ÷
Found 11 poisoned needles.
Found an inky potion.
You eat one of the 13 chunks of flesh.
h - 2 inky potions (gained 1)
A dart slug comes into view.
The dart slug launches a dart at you. The slug dart hits you!
You grow a pair of large bovine horns.
Your transformation is almost over.
You create a snake!
You now have 33 arrows.
You extend your transformation's duration.
The dart slug launches a dart at you. The slug dart hits your adder.
Saving game... please wait.
Welcome back, spacegravy the Troll Transmuter.
Your adder bites the dart slug.
The dart slug is poisoned.
Your adder poisons the dart slug!
Your transformation is almost over.
Your adder bites the dart slug.
The dart slug bites your adder but does no damage.
Your adder bites the dart slug.
Found 18 arrows.
An orc and an orc wizard come into view.
The orc wizard shouts!
Your adder bites the dart slug.
The dart slug dies!
A worker ant comes into view.
Are you sure you want to abandon this character and quit the game? (Confirm with "yes".)

Action                   |  1- 3 |  4- 6 || total
-------------------------+-------+-------++-------
Melee: Unarmed           |   108 |    49 ||   157
       Headbutt          |     1 |     3 ||     4
       Punch             |     1 |     1 ||     2
       Kick              |       |     4 ||     4
 Cast: Beastly Appendage |     3 |     4 ||     7
       Sticks to Snakes  |       |     2 ||     2
  Eat: Chunk             |    26 |     6 ||    32
Armor: Robe              |    40 |    14 ||    54
Dodge: Dodged            |    51 |    24 ||    75

Vault maps used:
D:1:      lightli_arrival_lavapool, minmay_misc_feat_ornament
D:2:      mumra_celtic_spiral_tile, minmay_quantized
D:3:      first_bread
D:4:      minmay_temple_entry_from_below_a, serial_glass, glass_columns_b,
          glass_columns_a, feat_on_display

Notes
Turn   | Place    | Note
-------+----------+-------------------------------------------
     0 | D:1      | spacegravy the Troll Transmuter began the quest for the Orb.
     0 | D:1      | Reached XP level 1. HP: 18/18 MP: 1/1
   131 | D:1      | Reached skill level 1 in Fighting
   328 | D:1      | Reached XP level 2. HP: 23/27 MP: 0/2
  1231 | D:2      | Reached XP level 3. HP: 32/33 MP: 3/3
  1296 | D:2      | Reached skill level 4 in Unarmed Combat
  1596 | D:2      | Learned a level 2 spell: Sticks to Snakes
  2216 | D:3      | Reached XP level 4. HP: 42/42 MP: 4/4
  2623 | D:4      | Reached skill level 2 in Fighting
  2715 | D:4      | Reached skill level 5 in Unarmed Combat
  2718 | D:4      | Reached XP level 5. HP: 43/49 MP: 3/5
  2823 | D:4      | Quit the game

Vanquished Creatures
  3 orc wizards (D:4)
  2 adders (D:2)
  A dart slug (D:3)
  7 orcs (D:4)
  2 ball pythons
  5 bats
  4 giant cockroaches
  4 goblins
  9 hobgoblins
  4 jackals (D:2)
  5 kobolds
  4 frilled lizards
  A quokka skeleton (D:4)
  9 rats
60 creatures vanquished.

Vanquished Creatures (collateral kills)
  A dart slug (D:4)
1 creature vanquished.

Grand Total: 61 creatures vanquished
